 Dungeon Crawl Stone Soup version 0.20-a0-210-gd6c29eb (webtiles) character file.

549 feito the Skirmisher (level 7, 0/56 HPs)
             Began as a Demonspawn Gladiator on Nov 26, 2016.
             Slain by Duvessa
             ... wielding a cursed -2 rapier
              (14 damage)
             ... on level 4 of the Dungeon.
             The game lasted 00:16:43 (3046 turns).

feito the Skirmisher (Demonspawn Gladiator)         Turns: 3046, Time: 00:16:44

Health: 0/56       AC:  6    Str: 16    XL:     7   Next: 7%
Magic:  7/7        EV: 18    Int:  9    God:
Gold:   128        SH:  0    Dex: 20    Spells: 6/6 levels left

rFire  . . .     SeeInvis .     d - +5 short sword
rCold  . . .     Gourm    .     b - +0 leather armour
rNeg   . . .     Faith    .     (no shield)
rPois  .         Spirit   .     c - +0 helmet
rElec  .         Reflect  .     t - +0 cloak
rCorr  .         Harm     .     (no gloves)
MR     .....                    m - +0 pair of boots
Stlth  ++........               (no amulet)
                                (no ring)
                                e - +5 ring of dexterity

@: repel missiles, drained
A: claws 1, repulsion field 3, powered by death 1, spiny 1
a: no special abilities


You were on level 4 of the Dungeon.
You were hungry.

You visited 1 branch of the dungeon, and saw 4 of its levels.

You collected 128 gold pieces.

Inventory:

Hand Weapons
 a - a +0 trident
 d - a +5 short sword (weapon)
Missiles
 n - 4 poisoned javelins (quivered)
 q - 18 poisoned needles
Armour
 b - a +0 leather armour (worn)
 c - a +0 helmet (worn)
 m - a +0 pair of boots (worn)
 t - a +0 cloak (worn)
Jewellery
 e - a +5 ring of dexterity (left claw)
 y - an uncursed ring of protection from cold {unknown}
Scrolls
 j - 5 scrolls of identify
 l - a scroll of immolation
 s - a scroll of teleportation
 u - a scroll of recharging {unknown}
 w - a scroll of blinking {unknown}
Potions
 o - a potion of invisibility {unknown}
 p - a potion of agility {unknown}
 r - a potion of mutation {unknown}
 x - a potion of lignification {unknown}
 z - a potion of magic {unknown}
 B - a potion of cancellation {unknown}
Books
 v - a book of Minor Magic

   Spells                             Type                      Level
   a - Magic Dart                     Conjuration                  1
   b - Blink                          Translocation                2
   c - Call Imp                       Summoning                    2
   d - Repel Missiles                 Charms/Air                   2
   e - Slow                           Hexes                        2
   f - Conjure Flame                  Conjuration/Fire             3
   g - Mephitic Cloud                 Conjuration/Poison/Air       3
Comestibles
 f - 5 bread rations
 g - a slice of pizza
 i - 3 meat rations
 A - a beef jerky


   Skills:
 * Level 5.0(4.9) Fighting
 - Level 2.6(2.5) Polearms
 + Level 3.1(3.0) Throwing
 + Level 2.4(2.3) Armour
 + Level 3.7(3.6) Dodging
 + Level 2.4(2.3) Stealth


You had 6 spell levels left.
You didn't know any spells.

Dungeon Overview and Level Annotations

Branches:
Dungeon (4/15)
 Temple: D:4-7

Altars:
Elyvilon
Makhleb
Nemelex Xobeh
Ru
Xom

Annotations:
D:4 Duvessa; Gorice's ghost, amateur HEAE


Innate Abilities, Weirdness & Mutations

You have sharp fingernails.
You are surrounded by a strong repulsion field. (EV +4, RMsl)
You regenerate a little health from kills.
You are partially covered in sharp spines.


Message History

Throwing (i - inventory. (,) - cycle):
h - a throwing net (quivered)
Press: ? - help, Shift-Dir - straight line, f/p - Duvessa
Aim: Duvessa, wielding a rapier and wearing a ring mail (moderately wounded, berserk, fast, unusually strong)
You throw a throwing net. The throwing net hits Duvessa.
Duvessa is caught in the net!
Duvessa is moderately wounded.
Duvessa struggles against the net.
Okay, then.
Duvessa struggles against the net. x2
The net rips apart, and Duvessa comes free!
There is an open door here.
You hear a shout!
Duvessa completely misses you. Duvessa is struck by your spines.
Duvessa closely misses you. Duvessa completely misses you.
Duvessa rages.
Duvessa hits you with a rapier!
* * * LOW HITPOINT WARNING * * *
Duvessa hits you with a rapier!
You die...

################
#...............
#.#############.
##### #.# #..#.
##...## #.# #....
##..#..#######.##
####.#.
##..###.....e@...#
#......
##..#####.........#
#......
#..#'#.###........#
#......
###.###e_.###.......#
####.#.
#....#'#.###..#.#####
#.#.
#.##..#####..##.#
######.#.
..##...###..###.####
.........
####....#..........##
......... #
#....e............
.........


You could see Duvessa (berserk).

Vanquished Creatures
  A big kobold (D:3)
  Dowan (D:4)
  A scorpion (D:4)
  3 wights (D:3)
  3 orc wizards
  A bullfrog skeleton (D:4)
  A worker ant (D:4)
  5 adders
  A worm (D:4)
  2 dart slugs
  A leopard gecko (D:3)
  15 orcs
  3 goblins
  4 hobgoblins
  4 jackals (D:3)
  2 quokkas
  2 ball pythons
  4 bats
  5 frilled lizards
  4 kobolds
  12 rats
75 creatures vanquished.

Notes
Turn   | Place    | Note
-------+----------+-------------------------------------------
     0 | D:1      | feito the Demonspawn Gladiator began the quest for the Orb.
     0 | D:1      | Reached XP level 1. HP: 16/16 MP: 1/1
   174 | D:1      | You fall through a shaft!
   388 | D:2      | Gained mutation: You are partially covered in sharp spines. [demonic ancestry]
   388 | D:2      | Reached XP level 2. HP: 23/23 MP: 2/2
   433 | D:2      | Found a shimmering altar of Xom.
   635 | D:1      | Reached skill level 1 in Armour
   998 | D:2      | Found a sacrificial altar of Ru.
  1081 | D:2      | Gained mutation: You are surrounded by a mild repulsion field. (EV +2) [demonic ancestry]
  1081 | D:2      | Reached XP level 3. HP: 28/28 MP: 3/3
  1785 | D:3      | Reached skill level 3 in Fighting
  1814 | D:3      | Gained mutation: You regenerate a little health from kills. [demonic ancestry]
  1814 | D:3      | Reached XP level 4. HP: 26/35 MP: 4/4
  1902 | D:3      | Reached skill level 1 in Stealth
  1971 | D:3      | Gained mutation: You have sharp fingernails. [demonic ancestry]
  1971 | D:3      | Reached XP level 5. HP: 16/42 MP: 5/5
  2162 | D:3      | Reached skill level 4 in Fighting
  2209 | D:3      | Found a burning altar of Makhleb.
  2226 | D:3      | Gained mutation: You are surrounded by a moderate repulsion field. (EV +3) [demonic ancestry]
  2226 | D:3      | Reached XP level 6. HP: 27/48 MP: 6/6
  2572 | D:4      | Noticed Gorice's ghost (amateur HEAE)
  2844 | D:4      | Noticed Dowan
  2859 | D:4      | Found a sparkling altar of Nemelex Xobeh.
  2952 | D:4      | Found a white marble altar of Elyvilon.
  3004 | D:4      | Noticed Duvessa
  3029 | D:4      | Killed Dowan
  3029 | D:4      | Reached skill level 5 in Fighting
  3029 | D:4      | Gained mutation: You are surrounded by a strong repulsion field. (EV +4, RMsl) [demonic ancestry]
  3029 | D:4      | Reached XP level 7. HP: 29/56 MP: 7/7
  3046 | D:4      | Slain by Duvessa

Vault maps used:
D:1:      wheals_arrival_shading, roderic_roman_lattice
D:2:      nicolae_overflow_crystal_walls, nicolae_ru_sacrificial_ziggurat,
          first_bread
D:3:      bloody_makhleb
D:4:      lemuel_upstairs_altar, lemuel_coloured_pillars_altar,
          nemelex_diamond_rough_becter, uniq_duvessa

Skill      XL: |  1  2  3  4  5  6 |
---------------+-------------------+-----
Throwing       | 2 3 |  3.1
Armour         | 1 2 |  2.4
Dodging        | 3 |  3.7
Fighting       | 3 4 5 |  5.0
Stealth        | 1 2 |  2.4
Polearms       | |  2.6

Action                   |  1- 3 |  4- 6 |  7- 9 || total
-------------------------+-------+-------+-------++-------
Melee: Trident           |    53 |    55 |       ||   108
       Spear             |    35 |    11 |       ||    46
       Short sword       |       |    60 |     1 ||    61
Throw: Throwing net      |       |     4 |     1 ||     5
  Use: Scroll            |     4 |     2 |       ||     6
       Potion            |       |     3 |     1 ||     4
 Stab: Sleeping          |     5 |     1 |       ||     6
  Eat: Chunk             |     2 |     4 |       ||     6
Armor: Leather armour    |    10 |    17 |       ||    27
Dodge: Dodged            |    45 |    63 |     3 ||   111
